 Dungeon Crawl Stone Soup version 0.19-a0-1268-g6c5d9f8 (webtiles) character file.

2374 TheGoonsmith the Destroyer (level 9, -26/67 HPs)
             Began as a Gargoyle Fire Elementalist on Aug 29, 2016.
             Was a Follower of Vehumet.
             Annihilated by Gastronok (30 damage)
             ... on level 8 of the Dungeon.
             The game lasted 00:15:27 (7433 turns).

TheGoonsmith the Destroyer (GrFE)                   Turns: 7433, Time: 00:15:28

Health: -26/67     AC:  9    Str: 17    XL:     9   Next: 45%
Magic:  4/16       EV: 12    Int: 19    God:    Vehumet [*.....]
Gold:   127        SH:  0    Dex: 10    Spells: 4 memorised, 5 levels left

rFire  . . .     SeeInvis .     n - +1 flail
rCold  + . .     Gourm    .     y - +0 robe {rC+}
rNeg   + . .     Faith    .     (no shield)
rPois  ∞         Spirit   .     (no helmet)
rElec  +         Dismiss  .     q - +0 cloak
rCorr  .         Reflect  .     I - +0 pair of gloves
MR     .....     Harm     .     (no boots)
Stlth  ..........               p - amulet of regeneration
                                (no ring)
                                (no ring)

@: berserking, slowed, studying Stealth
A: negative energy resistance 1, electricity resistance, unbreathing,
petrification resistance, rot immunity, AC +5
a: Renounce Religion


You were on level 8 of the Dungeon.
You worshipped Vehumet.
Vehumet was aware of your devotion.
You were not hungry.

You visited 2 branches of the dungeon, and saw 9 of its levels.
You also visited: Sewer.

You collected 628 gold pieces.
You spent 501 gold pieces at shops.

Inventory:

Hand Weapons
 j - a +0 club
 k - a +0 mace
 n - a +1 flail (weapon)
Armour
 a - a +0 robe
 q - a +0 cloak (worn)
 u - a +0 shield
 y - a +0 robe of cold resistance (worn)
 E - a +1 leather armour of poison resistance
 I - a +0 pair of gloves (worn)
Jewellery
 h - an uncursed amulet of harm
 m - an uncursed amulet of guardian spirit
 p - an amulet of regeneration (around neck)
 w - an uncursed amulet of the gourmand
 Q - an uncursed amulet of dismissal {unknown}
 T - an uncursed amulet of magic regeneration {unknown}
Wands
 O - a wand of iceblast (3/15)
 U - a wand of lightning (9/15)
Scrolls
 e - 3 scrolls of magic mapping
 g - 3 scrolls of teleportation {unknown}
 l - 2 scrolls of fog {unknown}
 r - 4 scrolls of identify
 s - a scroll of amnesia
 x - 2 scrolls of fear {unknown}
 A - a scroll of recharging {unknown}
 F - a scroll of enchant armour {unknown}
 L - a scroll of blinking
 M - a scroll of enchant weapon
 R - a scroll of remove curse
Potions
 d - 3 potions of haste
 i - a potion of degeneration
 t - a potion of lignification
 z - a potion of heal wounds
 B - 3 potions of agility {unknown}
 C - a potion of brilliance {unknown}
 D - a potion of cancellation {unknown}
 G - a potion of flight {unknown}
 K - a potion of invisibility {unknown}
 N - a potion of curing {unknown}
Books
 b - a book of Flames

   Spells                             Type                      Level
   a - Flame Tongue                   Conjuration/Fire             1
   b - Throw Flame                    Conjuration/Fire             2
   c - Conjure Flame                  Conjuration/Fire             3
   d - Inner Flame                    Hexes/Fire                   3
   e - Sticky Flame                   Conjuration/Fire             4
   f - Fireball                       Conjuration/Fire             5
 v - a book of the Warp

   Spells                             Type                      Level
   a - Gell's Gravitas                Hexes/Translocation          3
   b - Force Lance                    Conjuration/Translocation    4
   c - Summon Forest                  Summoning/Translocation      5
   d - Dispersal                      Translocation                6
   e - Controlled Blink               Translocation                8
   f - Disjunction                    Translocation                8
 J - a book of Unlife

   Spells                             Type                      Level
   a - Recall                         Summoning/Translocation      3
   b - Animate Dead                   Necromancy                   4
   c - Control Undead                 Necromancy                   4
   d - Cigotuvi's Embrace             Necromancy                   5
   e - Death Channel                  Necromancy                   6
   f - Simulacrum                     Ice/Necromancy               6
 P - a manual of Stealth
 S - a book of Burglary

   Spells                             Type                      Level
   a - Swiftness                      Charms/Air                   2
   b - Passwall                       Transmutation/Earth          2
   c - Passage of Golubria            Translocation                4
   d - Lee's Rapid Deconstruction     Earth                        5
   e - Darkness                       Hexes                        6
   f - Invisibility                   Hexes                        6
Comestibles
 c - 5 bread rations
 f - 2 meat rations
 H - a beef jerky


   Skills:
 - Level 1.5 Dodging
 + Level 4.0 Stealth
 + Level 5.3 Spellcasting
 * Level 9.0 Conjurations
 * Level 7.9 Fire Magic


You had 5 spell levels left.
You knew the following spells:

 Your Spells              Type           Power        Failure   Level  Hunger
a - Flame Tongue          Conj/Fire      #####        1%          1    None
c - Conjure Flame         Conj/Fire      #####...     1%          3    ##.....
f - Fireball              Conj/Fire      #####.....   12%         5    #####..
s - Sticky Flame          Conj/Fire      #####...     4%          4    ####...


Dungeon Overview and Level Annotations

Branches:
Dungeon (8/15)             Temple (1/1) D:6
   Lair: D:8-11

Altars:
Ashenzari
Cheibriados
Dithmenos
Elyvilon
Hepliaklqana
Kikubaaqudgha
Okawaru
Qazlal
Ru
Uskayaw
Vehumet
The Shining One

Shops:
D:6 *

Annotations:
D:7 exclusion: ice statue
D:8 Gastronok


Innate Abilities, Weirdness & Mutations

You are resistant to torment.
Your stone body is resilient. (AC +5)
You are immune to poison.
You resist negative energy. (rN+)
You are resistant to electric shocks. (rElec)
You can survive without breathing.
You are immune to petrification.
You are immune to rotting.


Message History

The quokka bites you but does no damage.
Gastronok closely misses you. The river rat bites you.
* * * LOW HITPOINT WARNING * * *
The quokka bites you but does no damage.
You are too berserk!
You barely miss Gastronok.
Gastronok is heavily wounded.
The bat closely misses you. The quokka misses you.
The river rat barely misses you.
Gastronok mumbles some strange words.
You feel sluggish.
You completely miss Gastronok.
Gastronok is heavily wounded.
The bat barely misses you. The quokka misses you.
The river rat closely misses you.
The quokka bites you but does no damage.
The river rat bites you.
* * * LOW HITPOINT WARNING * * *
Gastronok bites you!!
You die...

.........>. ....#....#
...#....# #+#.......#
#.#.#.....######.
#................
#.......b........
#.......rw.......
#<......@r.......
#.........#####.......
#............. .......
#........(............
#.....................
###.####..............
#. ...####........ #.
... .......


You could see Gastronok, a river rat, a quokka and a bat.

Vanquished Creatures
  2 hungry ghosts
  2 water moccasins
  2 phantoms
  An ogre (D:6)
  3 centaurs
  4 giant frogs
  A water moccasin zombie (D:7)
  A scorpion (D:4)
  A wight (D:8)
  2 howler monkeys (D:5)
  2 crimson imps
  3 hounds
  2 jellies (D:7)
  6 orc wizards
  4 iguanas (D:5)
  4 worker ants
  A hound skeleton (D:5)
  A worker ant zombie (D:5)
  A howler monkey skeleton (D:5)
  11 adders
  4 gnolls
  A river rat (D:5)
  2 shadow imps (D:5)
  A white imp (D:7)
  An adder skeleton (D:3)
  2 worms (D:2)
  7 giant geckos
  14 orcs
  4 ball pythons
  7 bats (D:2)
  10 giant cockroaches
  7 goblins
  10 hobgoblins
  15 jackals
  3 kobolds
  A quokka (D:4)
  A giant gecko skeleton (D:3)
  12 giant newts
  A quokka skeleton (D:3)
  A quokka zombie (D:7)
  13 rats
171 creatures vanquished.

Notes
Turn   | Place    | Note
-------+----------+-------------------------------------------
     0 | D:1      | TheGoonsmith the Gargoyle Fire Elementalist began the quest for the Orb.
     0 | D:1      | Reached XP level 1. HP: 10/10 MP: 3/3
   345 | D:1      | Reached XP level 2. HP: 11/15 MP: 0/5
   768 | D:1      | Reached skill level 2 in Conjurations
   913 | D:2      | Reached XP level 3. HP: 14/19 MP: 1/6
  1419 | D:2      | Reached XP level 4. HP: 21/24 MP: 0/7
  1512 | D:2      | Found a faded altar of an unknown god.
  1524 | D:2      | Reached skill level 3 in Conjurations
  1901 | D:2      | Reached XP level 5. HP: 28/28 MP: 5/9
  2399 | D:3      | Reached skill level 4 in Conjurations
  2801 | D:3      | Learned a level 4 spell: Sticky Flame
  2805 | D:3      | Learned a level 3 spell: Conjure Flame
  3083 | D:4      | Reached XP level 6. HP: 32/32 MP: 1/10
  3215 | D:4      | Reached skill level 5 in Conjurations
  3355 | D:4      | Noticed a phantom
  3436 | D:4      | Killed a phantom
  3436 | D:4      | Reached XP level 7. HP: 36/36 MP: 0/12
  3838 | D:5      | Entered Level 5 of the Dungeon
  3866 | D:5      | Reached skill level 6 in Conjurations
  3916 | D:5      | Learned a level 5 spell: Fireball
  3948 | D:5      | Reached skill level 5 in Fire Magic
  4040 | D:5      | Found a glowing drain.
  4049 | Sewer    | Entered a sewer
  4357 | D:5      | Noticed a hungry ghost
  4372 | D:5      | Killed a hungry ghost
  4372 | D:5      | Reached XP level 8. HP: 41/41 MP: 6/14
  4466 | D:5      | Reached skill level 7 in Conjurations
  4955 | D:6      | Found Totagew's Assorted Antiques.
  4972 | D:6      | Bought a scroll labeled PAZOUF ARPHAEHA for 28 gold pieces
  4972 | D:6      | Bought a scroll labeled GUQUONNAXOCO for 28 gold pieces
  4972 | D:6      | Bought an emerald potion for 25 gold pieces
  5281 | D:6      | Found a staircase to the Ecumenical Temple.
  5289 | Temple   | Entered the Ecumenical Temple
  5319 | Temple   | Became a worshipper of Vehumet
  5551 | D:5      | Reached skill level 8 in Conjurations
  5939 | D:5      | Reached XP level 9. HP: 45/45 MP: 12/16
  6366 | D:6      | Bought a metal-bound manual for 420 gold pieces
  6581 | D:7      | Reached skill level 5 in Spellcasting
  6626 | D:7      | Noticed an ice statue
  7072 | D:7      | Reached * piety under Vehumet
  7072 | D:7      | Offered knowledge of Sting by Vehumet.
  7294 | D:8      | Noticed a troll
  7398 | D:8      | Reached skill level 9 in Conjurations
  7408 | D:8      | Noticed Gastronok
  7433 | D:8      | Annihilated by Gastronok

Vault maps used:
D:1:      dpeg_arrival_three_same_balls
D:2:      ecumenical_altar_2
D:3:      serial_undead, serial_undead_a, serial_undead_e, serial_undead_c,
          serial_undead_e, serial_undead_d, minmay_stone_trees_small
D:5:      gup_sewer_entry_bubbles, first_bread
D:6:      serial_shops, shop
D:7:      lemuel_ice_statue, minmay_fire_ice_demons
D:8:      uniq_gastronok
Temple:   regret_index_temple_sigil_plot
Sewer:    sewer_co_cracked_pipes

Skill      XL: |  1  2  3  4  5  6  7  8  9 |
---------------+----------------------------+-----
Conjurations   | 2 3 4 5 6 8 9 |  9.0
Spellcasting   | 3 4 5 |  5.3
Fire Magic     | 4 5 7 |  7.9
Stealth        | 4 |  4.0
Dodging        | |  1.5

Action                   |  1- 3 |  4- 6 |  7- 9 || total
-------------------------+-------+-------+-------++-------
Melee: Unarmed           |    12 |       |       ||    12
       Mace              |     7 |    38 |       ||    45
       Flail             |       |       |    66 ||    66
 Cast: Flame Tongue      |    54 |   131 |   218 ||   403
       Conjure Flame     |       |       |     3 ||     3
       Sticky Flame      |       |       |     3 ||     3
       Fireball          |       |       |     1 ||     1
Evoke: Wand              |       |       |     1 ||     1
  Use: Potion            |       |     2 |     1 ||     3
       Scroll            |       |       |    10 ||    10
  Eat: Chunk             |     2 |     7 |     9 ||    18
       Meat ration       |       |       |     1 ||     1
       Beef jerky        |       |       |     1 ||     1
       Bread ration      |       |       |     1 ||     1
Armor: Robe              |    13 |    25 |    62 ||   100
       Skin              |       |    27 |       ||    27
Dodge: Dodged            |    32 |    36 |   116 ||   184
